 Dungeon Crawl Stone Soup version 0.16-a0-3946-g4f19e5c (webtiles) character file.

542 abixa the Cleaver (level 7, -5/60 HPs)
             Began as a Hill Orc Gladiator on Feb 9, 2015.
             Was a Follower of Makhleb.
             Slain by an ogre
             ... wielding a +0 giant spiked club
              (19 damage)
             ... on level 5 of the Dungeon.
             The game lasted 00:12:11 (3380 turns).

abixa the Cleaver (Hill Orc Gladiator)              Turns: 3380, Time: 00:12:11

Health: -5/60      AC:  6    Str: 18    XL:     7   Next: 27%
Magic:  7/7        EV: 11    Int:  8    God:    Makhleb [*.....]
Gold:   156        SH:  0    Dex: 13    Spells: 0 memorised, 6 levels left

rFire  . . .     SeeInvis .     a - +0 war axe
rCold  . . .     Clarity  .     n - +0 ring mail
rNeg   . . .     SustAb   .     (no shield)
rPois  +         Gourm    .     c - +0 helmet
rElec  .         Spirit   .     (no cloak)
rCorr  .         Warding  .     (no gloves)
rMut   .         Stasis   .     (no boots)
MR     .....                    s - amulet of rage
Stlth  +.........               (no ring)
                                z - ring of poison resistance

@: not resistant to hostile enchantments, very unstealthy
A: no striking features
a: Renounce Religion, Evoke Berserk Rage


You were on level 5 of the Dungeon.
You worshipped Makhleb.
Makhleb was aware of your devotion.
You were hungry.

You visited 1 branch of the dungeon, and saw 5 of its levels.
You also visited: Sewer.

You collected 296 gold pieces.
You spent 140 gold pieces at shops.

Inventory:

Hand weapons
 a - a +0 war axe (weapon)
 b - a +0 hunting sling
Missiles
 d - 2 throwing nets (quivered)
 j - 83 stones
 y - 49 sling bullets
 C - 16 poisoned needles
 H - 18 sling bullets of flame
Armour
 c - a +0 helmet (worn)
 n - a +0 ring mail (worn)
 r - a +0 leather armour
Jewellery
 s - an amulet of rage (around neck)
 z - a ring of poison resistance (left hand)
Scrolls
 i - a scroll of noise {unknown}
 t - a scroll of random uselessness {unknown}
 u - a scroll of teleportation {unknown}
 w - a scroll of enchant armour {unknown}
 D - a scroll of enchant weapon {unknown}
 F - 3 scrolls of remove curse {unknown}
Potions
 e - a potion of cure mutation {unknown}
 k - a potion of beneficial mutation {unknown}
 l - 3 potions of curing
 m - a potion of mutation {unknown}
 o - a potion of restore abilities {unknown}
 p - a potion of resistance {unknown}
 q - a potion of lignification {unknown}
 v - 2 potions of heal wounds
 x - a potion of berserk rage
 A - 2 potions of cancellation
 B - 3 potions of haste
 G - 2 potions of agility
Comestibles
 f - 3 meat rations
 h - 2 bread rations
 E - a beef jerky


   Skills:
 + Level 4.3 Fighting
 - Level 9.0 Axes
 - Level 2.0 Throwing
 + Level 3.0 Armour
 - Level 2.4 Dodging


You had 6 spell levels left.
You didn't know any spells.

Dungeon Overview and Level Annotations

Branches:
Dungeon (5/15)
 Temple: D:4-7

Altars:
Gozag
Kikubaaqudgha
Makhleb
Xom
Yredelemnul
The Shining One

Shops:
D:5 ?

Annotations:
D:3 dig


Message History

Unknown command.
Use which ability? (? or * to list)
Okay, then.
Unknown command.
You see here a glowing dagger.
There is an open door here.
Things that are here:
a dagger; a club; an orc corpse You are feeling hungry.
The centaur wields a shortbow.
The centaur shoots an arrow.
The arrow completely misses you.
The centaur shoots an arrow.
The arrow hits you but does no damage.
An ogre comes into view. It is wielding a giant spiked club.
The ogre shouts!
The centaur shoots an arrow.
The arrow hits you!
* * * LOW HITPOINT WARNING * * *
You see here an arrow.
There is a stone staircase leading up here.
The ogre hits you with a giant spiked club!!
You die...

#########
#.......#
##.......#
###....#...#
.......#@#..#
..>.....#OO.##
.........c...#
#.............#
#.............#
#######..##.#.#
#...#.#.#
#...#.#.#
##.##.#.#


You could see 2 ogres and a centaur.

Vanquished Creatures
  An ogre (D:4)
  A crocodile (Sewer)
  Blork the orc (D:5)
  A centaur skeleton (D:4)
  A crimson imp (D:3)
  A giant frog skeleton (D:5)
  2 iguanas (D:4)
  Jessica (D:3)
  4 adders
  A giant mite (D:1)
  5 worms
  An ooze (D:3)
  3 giant geckos
  An orc (D:5)
  4 ball pythons
  14 bats
  6 giant cockroaches
  10 hobgoblins
  6 jackals
  12 kobolds
  3 quokkas
  A giant newt (D:1)
  13 goblins
  11 rats
104 creatures vanquished.

Notes
Turn   | Place    | Note
--------------------------------------------------------------
     0 | D:1      | abixa, the Hill Orc Gladiator, began the quest for the Orb.
     0 | D:1      | Reached XP level 1. HP: 18/18 MP: 1/1
    50 | D:1      | Reached XP level 2. HP: 25/25 MP: 2/2
   152 | D:1      | Reached skill level 5 in Axes
   442 | D:1      | Reached XP level 3. HP: 26/30 MP: 3/3
   615 | D:2      | Found an opulent altar of Gozag.
   782 | D:2      | Reached skill level 6 in Axes
   849 | D:2      | Reached XP level 4. HP: 30/37 MP: 4/4
  1269 | D:2      | Reached skill level 7 in Axes
  1398 | D:3      | Noticed Jessica
  1403 | D:3      | Killed Jessica
  1403 | D:3      | Reached XP level 5. HP: 38/42 MP: 5/5
  1687 | D:3      | Found a glowing drain.
  1694 | Sewer    | Entered a sewer
  1719 | Sewer    | Noticed a crocodile
  1739 | Sewer    | Killed a crocodile
  1739 | Sewer    | Reached skill level 8 in Axes
  2052 | D:3      | Found a shimmering altar of Xom.
  2053 | D:3      | Found a burning altar of Makhleb.
  2073 | D:3      | Became a worshipper of Makhleb the Destroyer
  2077 | D:3      | Paralysed by a crimson imp for 2 turns
  2101 | D:3      | Reached XP level 6. HP: 35/50 MP: 6/6
  2175 | D:3      | Found an ancient bone altar of Kikubaaqudgha.
  2258 | D:4      | Reached skill level 9 in Axes
  2359 | D:4      | Reached skill level 1 in Armour
  2572 | D:4      | Found a basalt altar of Yredelemnul.
  2577 | D:4      | Noticed a profane servitor
  2585 | D:4      | Found a glowing golden altar of the Shining One.
  2586 | D:4      | Noticed an angel
  2655 | D:4      | Reached XP level 7. HP: 29/58 MP: 7/7
  2659 | D:4      | Acquired Makhleb's first power
  3058 | D:5      | Entered Level 5 of the Dungeon
  3193 | D:5      | Found Weinkar's Magic Scroll Shoppe.
  3202 | D:5      | Bought a scroll of identify for 28 gold pieces
  3202 | D:5      | Bought a scroll of identify for 28 gold pieces
  3202 | D:5      | Bought 2 scrolls of identify for 56 gold pieces
  3202 | D:5      | Bought a scroll of identify for 28 gold pieces
  3250 | D:5      | Noticed Blork the orc
  3268 | D:5      | Killed Blork the orc
  3380 | D:5      | Slain by an ogre

Action                   |  1- 3 |  4- 6 |  7- 9 || total
-------------------------+-------+-------+-------++-------
Melee: War axe           |    91 |   197 |    75 ||   363
 Fire: Hunting sling     |       |     9 |       ||     9
Throw: Throwing net      |       |     1 |       ||     1
  Use: Scroll            |       |       |     6 ||     6
  Eat: Chunk             |       |     6 |     2 ||     8
